 Dungeon Crawl Stone Soup version 0.14-a0-1663-g0b35444 (webtiles) character file.

163 4tharraofdagon the Firebug (level 5, -15/42 HPs)
             Began as a Naga Fire Elementalist on Dec 30, 2013.
             Killed from afar by a goblin (34 damage)
             ... with an exploding inner flame
             ... on Level 5 of the Dungeon.
             The game lasted 00:04:16 (576 turns).

4tharraofdagon the Firebug (Naga Fire Elementalist)  Turns: 576, Time: 00:04:17

HP -15/42        AC  0     Str 11      XL: 5   Next:  8%
MP   7/9         EV 18     Int 16      God:
Gold 39          SH  0     Dex 11      Spells:  3 memorised,  1 level left

rFire  . . .     SeeInvis +     n - melded +0 falchion
rCold  . . .     Clarity  .     a - melded +0 robe
rNeg   . . .     Conserve .     (shield currently unavailable)
rPois  .         rCorr    .     (helmet currently unavailable)
rElec  .         rRot     .     (cloak currently unavailable)
SustAb . .       Spirit   .     (gloves currently unavailable)
rMut   .         Warding  .     (no barding)
Saprov . . .     Stasis   .     (amulet currently unavailable)
                                (ring currently unavailable)
                                (ring currently unavailable)

@: porcupine-form, quick, slightly resistant to hostile enchantments, fairly
stealthy
A: spit poison, see invisible, (deformed body), (poison resistance), (slowness
0), AC +1
a: Spit Poison


You were on level 5 of the Dungeon.
You were not hungry.
You were a porcupine.
You visited 1 branch of the dungeon, and saw 5 of its levels.

You collected 39 gold pieces.

Inventory:

Hand weapons
 d - a +0,+0 mace
 n - a +0,+0 falchion (melded)
Armour
 a - a +0 robe (melded)
Magical devices
 i - a wand of slowing (10)
 k - a wand of polymorph (1)
Comestibles
 c - 2 bread rations
 g - an apple
Scrolls
 e - a scroll of noise {unknown}
 f - a scroll of amnesia {unknown}
 m - a scroll of immolation
 o - a scroll of blinking {unknown}
Potions
 h - a potion of might {unknown}
 l - a potion of heal wounds {unknown}
Books
 b - a book of Flames

   Spells                             Type                      Level
   *Flame Tongue                      Conjuration/Fire             1
   Throw Flame                        Conjuration/Fire             2
   *Conjure Flame                     Conjuration/Fire             3
   Inner Flame                        Hexes/Fire                   3
   *Sticky Flame                      Conjuration/Fire             4
   Fireball                           Conjuration/Fire             5


   Skills:
 - Level 1.5 Dodging
 - Level 3.0 Stealth
 + Level 2.7 Spellcasting
 * Level 3.1 Conjurations
 * Level 4.1 Fire Magic


You had one spell level left.
You knew the following spells:

 Your Spells              Type           Power        Failure   Level  Hunger
a - Flame Tongue          Conj/Fire      ##...        6%          1    #......
b - Conjure Flame         Conj/Fire      ##......     14%         3    ###....
c - Sticky Flame          Conj/Fire      ##......     50%         4    #####..


Dungeon Overview and Level Annotations

Branches:
Dungeon (5/16)
 Temple: D:4-7

Altars:


Innate Abilities, Weirdness & Mutations

You cannot wear boots.
You can spit poison.
((Your serpentine skin is tough (AC +1).))*
You have supernaturally acute eyesight.
((Armour fits poorly on your strangely shaped body.))*
((Your system is resistant to poisons.))*
((You cover ground very slowly.))*


Message History

The fiery explosion engulfs you!
Ouch! That really hurt!
* * * LOW HITPOINT WARNING * * *
The fiery explosion engulfs the worker ant.
The worker ant explodes!
You have reached level 5!
You hear a loud, deep croak!
You hear a shout!
You hear a shout!
You hear a shout!
Drink which item? (? for menu, Esc to quit)
You feel better.
The worker ant is struck by your spines.
The worker ant closely misses you.
Unknown command.
Drink which item? (? for menu, Esc to quit)
You feel better. The goblin is struck by your spines.
The goblin explodes!
The fiery explosion engulfs you!
Your scroll labeled STAOMM HUTSAOZ catches fire!
Ouch! That really hurt!
You die...

##. ...#.....
..........
#.........###
#...........#..
..........?.....
.......§§§......
........a.§...?..
........r§......#
...(...§§§§....##
.......§§§§.....#
.......§§§.......
................
................
#...........#..
#.........###
.........$


You could see a worker ant (inner flame).

Vanquished Creatures
  Sigmund (D:3)
  2 adders (D:2)
  A worm (D:3)
  An ooze (D:1)
  2 orcs (D:3)
  2 bats
  A giant cockroach (D:3)
  A hobgoblin (D:3)
  3 jackals (D:2)
  3 kobolds
  A giant newt (D:2)
  A goblin (D:3)
  2 rats (D:2)
21 creatures vanquished.

Vanquished Creatures (others)
  A worker ant (D:5)
1 creature vanquished.

Grand Total: 22 creatures vanquished

Notes
Turn   | Place    | Note
--------------------------------------------------------------
     0 | D:1      | 4tharraofdagon, the Naga Fire Elementalist, began the quest for the Orb.
     0 | D:1      | Reached XP level 1. HP: 15/15 MP: 3/3
   189 | D:2      | Reached XP level 2. HP: 11/22 MP: 0/4
   253 | D:3      | Noticed Sigmund
   262 | D:3      | Killed Sigmund
   262 | D:3      | Reached skill level 4 in Fire Magic
   262 | D:3      | Reached XP level 3. HP: 8/28 MP: 4/6
   262 | D:3      | Reached XP level 4. HP: 10/36 MP: 5/8
   267 | D:3      | Learned a level 3 spell: Conjure Flame
   276 | D:3      | Learned a level 4 spell: Sticky Flame
   568 | D:5      | Entered Level 5 of the Dungeon
   574 | D:5      | Reached XP level 5. HP: 7/42 MP: 7/9
   576 | D:5      | Killed from afar by a goblin

Action                   |  1- 3 |  4- 6 || total
-------------------------+-------+-------++-------
Melee: Mace              |    16 |       ||    16
       Unarmed           |     8 |       ||     8
       Falchion          |       |     2 ||     2
 Cast: Flame Tongue      |     8 |     8 ||    16
       Conjure Flame     |       |     1 ||     1
 Abil: Spit Poison       |     4 |     9 ||    13
Evoke: Wand              |     1 |     1 ||     2
  Use: Potion            |     2 |     3 ||     5
       Scroll            |       |     1 ||     1
